 Dungeon Sprint DCSS version 0.31-a0-691-g409c26aa35 (webtiles) character file.

Game seed: 15599960534873716617

1103 sircluck the Grappler (level 8, 0/138 HPs)
             Began as a Troll Berserker on Sept 6, 2023.
             Was a Priest of Trog.
             Slain by a yaktaur captain (4 damage)
             ... in the Dungeon (Sprint II: "The Violet Keep of Menkaure").
             The game lasted 00:01:00 (220 turns).

sircluck the Grappler (Troll Berserker)              Turns: 220, Time: 00:01:00

Health: 0/138      AC:  0    Str: 28    XL:     8   Next: 11%
Magic:  7/7        EV: 17    Int:  3    God:    Trog [***...]
Gold:   972        SH:  0    Dex:  9    Spells: 7/7 levels left

rFire   . .          .
                       - Unarmed
rCold   . . .        (shield currently unavailable)
rNeg    . . .        a - melded +0 animal skin
rPois   .            (helmet currently unavailable)
rElec   .            (cloak currently unavailable)
rCorr   .            (gloves unavailable)
SInv    .            (boots unavailable)
Will    .....        (no amulet) Stlth
                     (ring currently unavailable)
HPRegen 1.23/turn    (ring currently unavailable)
MPRegen 0.10/turn

%: no teleportation
@: berserking, pig-form, quick
A: fast, no casting, small, unfitting armour, (claws 3), regeneration 1, (shaggy
fur 1), (tough skin 1)
a: Renounce Religion, Berserk, Trog's Hand


You were in the Dungeon.
You worshipped Trog.
Trog was most pleased with you.
You were a filthy swine.
You visited 1 branch You collected 972 gold pieces.

Inventory:

Armour
 a - a +0 animal skin (melded)
Scrolls
 g - a scroll of blinking
Potions
 c - a potion of heal wounds
 d - a potion of haste
 e - 2 potions of magic
 f - a potion of berserk rage


   Skills:
 + Level 9.2 Fighting
 + Level 9.1 Dodging
 + Level 10.8 Unarmed Combat


You had 7 spell levels left.
You didn't know any spells.
Your spell library was empty.

Dungeon Overview and Level Annotations

Branches:
Dungeon (1/1)

Altars:

Shops:
D ?!([*(:![=:

Annotations:
D Kirke


Innate Abilities, Weirdness & Mutations

You are a filthy swine.
You move quickly.
Your equipment is almost entirely melded.
You are incapable of wielding weapons or throwing items.
You cannot cast spells.
You are too large for most types of armour.
((You have claws for hands.))
Your natural rate of healing is unusually fast.
((You are covered in fur. (AC +1)))
((You have tough skin. (AC +1)))


Message History

Kirke splashes around in the water.
The hellwing barely misses you. The hellwing hits you.
Your ogre hits the ufetubus with a +0 giant club!!!
The ufetubus dies!
The ufetubus disappears in a puff of smoke!
The yaktaur captain hits you!!
* * * LOW HITPOINT WARNING * * *
You bite Kirke!
Kirke is heavily wounded.
The hellwing closely misses you. The hellwing barely misses you.
Kirke gestures at you while chanting.
You barely resist.
The kobold demonologist gestures wildly while chanting.
Send 'em back where they came from!
Trog shields your ally from puny magic!
Your unstable footing causes you to fumble your attack.
Your ogre closely misses Kirke.
The yaktaur captain hits you!
* * * LOW HITPOINT WARNING * * *
Your unstable footing causes you to fumble your attack.
The hellwing hits you!
* * * LOW HITPOINT WARNING * * *
The hellwing misses you.
The kobold demonologist casts a spell.
Kirke hits you.
* * * LOW HITPOINT WARNING * * *
Your ogre barely misses Kirke.
You barely miss Kirke.
Kirke is heavily wounded.
The yaktaur captain hits you!
* * * LOW HITPOINT WARNING * * *
You bite Kirke!
Kirke is heavily wounded.
Your ogre hits Kirke with a +0 giant club!!
The kobold demonologist miscasts a cantrip.
Kirke casts a spell.
Kirke summons a manticore!
The hellwing misses you. The hellwing closely misses you.
The smoke demon barely misses your ogre.
The smoke demon hits your ogre. x2; The yaktaur captain hits you.
You die... ####+#### ##≈.°○≈≈§## ##≈°≈○°§§§.## ## +≈≈.≈.z≈.≈.≈# czK####≈≈≈zzzz≈≈ ..zK## ≈zzzz

########@c#+++#+++##
#######4hO3........#
......#~~H~.##'##..#
.....∩#~~~~##...##.####
∩...∩.#~~~~#..#..#....#
.∩.∩.∩#~~####.#†####..##
∩.∩.∩.#~##.###†###.##..#
.∩.∩..#~#...##.##†###..#
..⌠...+~')#.'.<.'##.'..##
......#~#...##.##.†.#....


You could see Kirke (distracted), a yaktaur captain, a skeletal warrior, a
manticore (summoned, distracted), a hellwing (summoned), a kobold demonologist,
a smoke demon (summoned, ally target) and a friendly ogre (summoned, berserk).

Vanquished Creatures
  A merfolk siren (D)
  2 wyverns (D)
  Menkaure (D)
  A water moccasin (D)
  4 necrophages (D)
  3 worms (D)
12 creatures vanquished.

Notes
Turn   | Place    | Note
-------+----------+-------------------------------------------
     0 | D        | sircluck the Troll Berserker began the quest for the Orb.
     0 | D        | Reached XP level 1. HP: 22/22 MP: 0/0
     1 | D        | Noticed a necrophage
     1 | D        | Noticed a necrophage
     1 | D        | Noticed a necrophage
     1 | D        | Noticed a necrophage
     6 | D        | Killed a necrophage
     7 | D        | Reached skill level 5 in Unarmed Combat
     7 | D        | Reached XP level 2. HP: 33/33 MP: 1/1
     7 | D        | Reached XP level 3. HP: 40/40 MP: 2/2
    11 | D        | Killed a necrophage
    12 | D        | Reached skill level 5 in Fighting
    12 | D        | Reached skill level 5 in Dodging
    12 | D        | Reached skill level 6 in Unarmed Combat
    12 | D        | Reached XP level 4. HP: 50/50 MP: 3/3
    17 | D        | Killed a necrophage
    17 | D        | Reached ** piety under Trog
    18 | D        | Reached skill level 7 in Unarmed Combat
    18 | D        | Reached XP level 5. HP: 59/59 MP: 4/4
    26 | D        | Noticed a flying skull
    26 | D        | Noticed a flying skull
    26 | D        | Noticed a flying skull
    26 | D        | Noticed a flying skull
    26 | D        | Noticed a flying skull
    26 | D        | Noticed a flying skull
    26 | D        | Noticed a flying skull
    26 | D        | Noticed a flying skull
    26 | D        | Noticed a flying skull
    27 | D        | Noticed a flying skull
    27 | D        | Noticed a flying skull
    27 | D        | Noticed a flying skull
    28 | D        | Noticed Menkaure
    33 | D        | HP: 1/61 [Menkaure/nerve-wracking pain (10)]
    34 | D        | Killed Menkaure
    35 | D        | Reached skill level 8 in Unarmed Combat
    35 | D        | Reached XP level 6. HP: 3/71 MP: 5/5
    50 | D        | Found Quxkob's Jewellery Boutique.
    50 | D        | Found Kiekheto's Book Shop.
    51 | D        | Found Plog's Distillery.
    51 | D        | Found Kiuste Opsa's Antique Armour Shop.
    52 | D        | Found Cosoleth's Weapon Boutique.
    52 | D        | Found Welyur's Book Shop.
    54 | D        | Found Ofo Aquch's Assorted Antiques.
    55 | D        | Found Loannett's Antique Weapon Shop.
    55 | D        | Found Otu Nati's Antique Armour Boutique.
    55 | D        | Noticed a water moccasin
    57 | D        | Found Mijiamax's Magic Scroll Boutique.
    57 | D        | Found Semes's Distillery.
    64 | D        | Killed a water moccasin
    64 | D        | Reached *** piety under Trog
    65 | D        | Reached skill level 9 in Unarmed Combat
   125 | D        | Noticed a merfolk siren
   133 | D        | Killed a merfolk siren
   134 | D        | Reached skill level 10 in Unarmed Combat
   134 | D        | Reached XP level 7. HP: 81/81 MP: 6/6
   145 | D        | Noticed a wyvern
   145 | D        | Noticed a wyvern
   148 | D        | Killed a wyvern
   152 | D        | Killed a wyvern
   152 | D        | Reached **** piety under Trog
   153 | D        | Reached XP level 8. HP: 55/92 MP: 7/7
   199 | D        | Noticed Kirke
   199 | D        | Noticed a yaktaur captain
   199 | D        | Noticed a kobold demonologist
   200 | D        | Noticed an elephant
   201 | D        | Noticed a centaur warrior
   202 | D        | Noticed a skeletal warrior
   210 | D        | Noticed a hellwing
   219 | D        | Noticed a smoke demon
   219 | D        | HP: 3/138 [yaktaur captain (9)]
   220 | D        | Slain by a yaktaur captain

Illustrated notes

Levels and vault maps discovered:
D:        the_violet_keep_of_menkaure [sprint2_stairs_cluster_1,
          sprint2_shoproom, sprint2_temple, sprint2_basic_supplies,
          sprint2_obstacle_7, sprint2_obstacle_6, sprint2_obstacle_1,
          sprint2_obstacle_5, sprint2_obstacle_3, sprint2_timed_cluster_1,
          sprint2_smallroom_cluster_1, sprint2_smallroom_final_cluster_1,
          sprint2_transparent_cluster_1, sprint2_second_timed_cluster_1,
          sprint2_sniper_area_1, sprint2_heavy_combat_area_1,
          sprint2_mutation_trap_area_1, sprint2_forest_area_1,
          sprint2_light_combat_area_1, sprint2_behind_water_1,
          sprint2_near_end_vault_1]

Skill      XL: |  1  2  3  4  5  6  7 |
---------------+----------------------+-----
Fighting       | 4 5 6 7 8 9 |  9.2
Dodging        | 4 5 7 8 9 |  9.1
Unarmed Combat | 5 6 7 8 10 | 10.8

Action                     |  1- 3 |  4- 6 |  7- 9 || total
---------------------------+-------+-------+-------++-------
  Melee: Unarmed           |     7 |    28 |    25 ||    60
         Punch             |       |     2 |       ||     2
 Invoke: Berserk           |     1 |       |     1 ||     2
         Brothers in Arms  |       |       |     1 ||     1
    Use: Potion            |       |     1 |       ||     1
 Armour: Animal skin       |     7 |     8 |    11 ||    26
         Skin              |       |       |     9 ||     9
  Dodge: Dodged            |     2 |     5 |    18 ||    25

Table legend: (Time is in decaauts)
 A = Elapsed time spent in this place.
 B = Non-inter-level travel time spent in this place.
 C = Inter-level travel time spent in this place.
 D = Time resting spent in this place.
 E = Time spent auto-exploring this place.
 F = Levels seen in this place.
 G = Mean time per level.
                   A        B        C        D        E       F      G
               +--------+--------+--------+--------+--------+-----+--------+
         Total |    215 |    206 |      9 |     72 |      1 |   1 |  215.0 |
       Dungeon |    215 |    206 |      9 |     72 |      1 |   1 |  215.0 |
               +--------+--------+--------+--------+--------+-----+--------+

Top non-repeatable levels by time:
       D: 215 daAuts
